 Dungeon Crawl Stone Soup version 0.25.0-1-g7eea58d2a3 (webtiles) character file.

Game seed: 12017211100057511156

12 LiquidNight the Digger (level 2, -1/15 HPs)
             Began as a Gargoyle Earth Elementalist on June 14, 2020.
             Slain by a kobold
             ... wielding a +0 whip
              (3 damage)
             ... on level 1 of the Dungeon.
             The game lasted 00:02:23 (369 turns).

LiquidNight the Digger (Gargoyle Earth Elementalist) Turns: 369, Time: 00:02:24

Health: -1/15      AC:  4    Str: 11    XL:     2   Next: 33%
Magic:  2/5        EV: 12    Int: 15    God:
Gold:   0          SH:  0    Dex: 10    Spells: 4/5 levels left

rFire    . . .     SeeInvis .   a - -1 mace (curse)
rCold    . . .     Gourm    .   (no shield)
rNeg     + . .     Faith    .   c - +0 robe
rPois    ∞         Spirit   .   (no helmet)
rElec    +         Reflect  .   (no cloak)
rCorr    .         Harm     .   (no gloves)
MR       .....                  (no boots)
Stlth    ++........             (no amulet)
HPRegen  0.05/turn              (no ring)
MPRegen  0.09/turn              (no ring)

@: no status effects
A: negative energy resistance 1, electricity resistance, unbreathing,
petrification resistance, rot immunity, AC +2
a: no special abilities


You were on level 1 of the Dungeon.
You were not hungry.

You visited 1 branch of the dungeon, and saw 1 of its levels.

Inventory:

Hand Weapons
 a - a cursed -1 mace (weapon)
Missiles
 b - 28 stones (quivered)
 e - 17 sling bullets
Armour
 c - a +0 robe (worn)
 f - a +0 tower shield
Scrolls
 g - a scroll of amnesia {unknown}
Comestibles
 d - 2 rations
 h - 4 chunks of flesh


   Skills:
 + Level 0.2 Maces & Flails
 + Level 1.5 Dodging
 + Level 2.5 Stealth
 + Level 2.0 Spellcasting
   Level 0.7 Transmutations
 + Level 4.2 Earth Magic


You had 4 spell levels left.
You knew the following spells:

 Your Spells              Type           Power        Failure   Level  Hunger
a - Sandblast             Erth           ##....       4%          1    #......

Your spell library contained the following spells:

 Spells                   Type           Power        Failure   Level  Hunger
 Passwall                 Tmut/Erth      #.......     12%         2    ###....
 Stone Arrow              Conj/Erth      #.....       28%         3    ###....
 Petrify                  Tmut/Erth      #.......     63%         4    #####..
 Lee's Rapid Deconstruct  Erth           ##........   73%         5    ######.


Dungeon Overview and Level Annotations

Branches:
Dungeon (1/15)

Altars:


Innate Abilities, Weirdness & Mutations

You are resistant to torment.
Your stone body is resilient. (AC +2)
You are immune to poison.
You resist negative energy. (rN+)
You are resistant to electric shocks. (rElec)
You can survive without breathing.
You are immune to petrification.
You are immune to rotting.


Message History

* * * LOW HITPOINT WARNING * * *
Casting: Sandblast (safe; 4% risk of failure)
Confirm with . or Enter, or press ? or * to list all spells.
Aiming: Sandblast (safe; 4% risk of failure)
Press: ? - help, Shift-Dir - straight line, f - kobold
Aim: a kobold, wielding a +0 whip (moderately wounded)
The blast of sand hits the kobold.
The kobold is severely wounded.
b - 29 stones The kobold closely misses you.
Casting: Sandblast (safe; 4% risk of failure)
Confirm with . or Enter, or press ? or * to list all spells.
Aiming: Sandblast (safe; 4% risk of failure)
Press: ? - help, Shift-Dir - straight line, f/p - kobold
Aim: a kobold, wielding a +0 whip (severely wounded)
The blast of sand hits the kobold but does no damage.
The kobold is severely wounded.
b - 28 stones The kobold hits you with a +0 whip.
You die...

#...# ##.### #.#
#.# ###.######
#...# #.# #.##
#......#####.####.#
#..### ######..#
#.##...# ##....
##.# #..#.### #####
#.## ##.#.## #..##
#....##### ##..#
###......# ##@#
#)####...
.#####K#####.# #
.......hS†....#
..######w.##....
##..##.## #.##.#
..... .?. ...


You could see a dart slug, a jackal, a ball python and a kobold.

Vanquished Creatures
  A bat (D:1)
  A giant cockroach (D:1)
  2 hobgoblins (D:1)
  2 jackals (D:1)
  3 kobolds (D:1)
  A frilled lizard (D:1)
10 creatures vanquished.

Notes
Turn   | Place    | Note
-------+----------+-------------------------------------------
     0 | D:1      | LiquidNight the Gargoyle Earth Elementalist began the quest
                  | for the Orb.
     0 | D:1      | Reached XP level 1. HP: 10/10 MP: 3/3
   179 | D:1      | Reached skill level 4 in Earth Magic
   253 | D:1      | Reached XP level 2. HP: 13/15 MP: 3/5
   369 | D:1      | Slain by a kobold

Illustrated notes

Levels and vault maps discovered:
D:1:      lightli_molten_gateway, layout_rooms

Skill      XL: |  1 |
---------------+----+-----
Earth Magic    | 4 |  4.2
Maces & Flails | |  0.2
Dodging        | |  1.5
Stealth        | |  2.5
Spellcasting   | |  2.0
Transmutations | |  0.7

Action                   || total
-------------------------++-------
Melee: Mace              ||    32
 Cast: Sandblast         ||     9
 Stab: Sleeping          ||     2
Armor: Robe              ||    14
Dodge: Dodged            ||    19
